 Dungeon Crawl Stone Soup version 0.19.5 (webtiles) character file.

2279 doot the Sneak (level 9, -9/55 HPs)
             Began as an Octopode Transmuter on Apr 8, 2017.
             Killed by divine providence
             ... invoked by an orc priest
              (12 damage)
             ... on level 7 of the Dungeon.
             The game lasted 00:32:28 (9099 turns).

doot the Sneak (Octopode Transmuter)                Turns: 9099, Time: 00:32:30

Health: -9/55      AC:  1    Str:  9    XL:     9   Next: 39%
Magic:  20/24      EV: 15    Int: 18    God:
Gold:   470        SH:  0    Dex: 13    Spells: 4 memorised, 3 levels left

rFire  . . .     SeeInvis .       - Unarmed
rCold  . . .     Gourm    .     (shield currently unavailable)
rNeg   . . .     Faith    .     (helmet restricted)
rPois  .         Spirit   .     (no amulet)
rElec  +         Reflect  .     p - ring of protection from magic
rCorr  +         Harm     .     u - ring of magical power
MR     +....                    y - ring of Jyst {rCorr rElec}
Stlth  ++++......               (no ring)
                                (no ring)
                                (no ring)
                                (no ring)
                                (no ring)

@: blade tentacles
A: almost no armour, stealthy swim, amphibious, 8 rings, constrict 8, camouflage
1, mutation resistance 1, gelatinous body 1
a: End Transformation


You were on level 7 of the Dungeon.
You were not hungry.
You had blades for tentacles.
You visited 2 branches of the dungeon, and saw 8 of its levels.
You also visited: Sewer.

You collected 470 gold pieces.

Inventory:

Hand Weapons
 a - a +0 dagger
 b - a +2 hunting sling of freezing
 d - a +0 whip
 o - a cursed +4 halberd (melded)
 r - a +2 spear of piercing
 w - a +4 long sword
Missiles
 e - 124 arrows
 t - 2 needles of confusion
 E - 16 sling bullets
 F - 162 stones (quivered)
Jewellery
 p - a ring of protection from magic (left scythe-like blade)
 u - a ring of magical power (right scythe-like blade)
 y - the ring of Jyst (on tentacle) {rCorr rElec}
   (You found it on level 4 of the Dungeon)

   [ring of resist corrosion]

   It insulates you from electricity.
Wands
 l - a wand of teleportation (4/9)
Scrolls
 g - a scroll of immolation {unknown}
 h - 7 scrolls of remove curse
 i - 4 scrolls of magic mapping
 j - 4 scrolls of identify
 k - a scroll of noise {unknown}
 q - 5 scrolls of teleportation {unknown}
 s - a scroll of recharging {unknown}
 v - 2 scrolls of enchant armour {unknown}
 z - 2 scrolls of enchant weapon {unknown}
 I - a scroll of random uselessness {unknown}
 K - 3 scrolls of fear {unknown}
 L - a scroll of fog {unknown}
 N - a scroll of amnesia {unknown}
Potions
 m - 2 potions of cure mutation
 C - 3 potions of heal wounds {unknown}
 M - 4 potions of flight
 P - 3 potions of ambrosia {unknown}
Books
 n - a book of Changes

   Spells                             Type                      Level
   a - Beastly Appendage              Transmutation                1
   b - Sticks to Snakes               Transmutation                2
   c - Spider Form                    Transmutation/Poison         3
   d - Ice Form                       Ice/Transmutation            4
   e - Blade Hands                    Transmutation                5
Comestibles
 c - 5 bread rations
 f - 4 meat rations
 x - 3 fruits
 B - 3 beef jerkies
 D - 8 chunks of flesh
 G - a slice of pizza
 O - a royal jelly


   Skills:
 + Level 2.5 Fighting
 + Level 1.5 Short Blades
 + Level 1.7 Polearms
 + Level 0.2 Slings
 + Level 4.2 Dodging
 * Level 7.1 Stealth
 + Level 5.7 Unarmed Combat
 + Level 4.3 Spellcasting
 * Level 5.8 Transmutations
 + Level 3.6 Ice Magic
 + Level 2.5 Poison Magic


You had 3 spell levels left.
You knew the following spells:

 Your Spells              Type           Power        Failure   Level  Hunger
a - Beastly Appendage     Tmut           ###...       17%         1    None
b - Spider Form           Tmut/Pois      ###.......   45%         3    ###....
c - Ice Form              Ice/Tmut       ###.....     67%         4    ####...
d - Blade Hands           Tmut           ###.......   82%         5    ######.


Dungeon Overview and Level Annotations

Branches:
Dungeon (7/15)             Temple (1/1) D:6

Altars:
Cheibriados
Dithmenos
Elyvilon
Fedhas
Gozag
Hepliaklqana
Kikubaaqudgha
Makhleb
Nemelex Xobeh
Okawaru
Qazlal
Ru
Sif Muna
Trog
Uskayaw
Vehumet
Xom
Yredelemnul
Zin

Shops:
D:6 =


Innate Abilities, Weirdness & Mutations

You cannot wear most types of armour.
You are very stealthy in the water. (Stealth+)
You are amphibious.
You can wear up to eight rings at the same time.
You can use your tentacles to constrict eight enemies at once.
Your skin changes colour to match your surroundings (Stealth+).
Your rubbery body absorbs attacks. (AC +1, EV +1)
You are somewhat resistant to further mutation.


Message History

You constrict the orc priest. The orc priest barely misses you.
The orc hits you with a club.
* * * LOW HITPOINT WARNING * * *
You feel better.
You constrict the orc priest.
The centaur unwields an uncursed shortbow.
The centaur hits you! The orc priest hits you with a club.
* * * LOW HITPOINT WARNING * * *
The orc barely misses you.
You feel better.
You constrict the orc priest. The centaur hits you.
* * * LOW HITPOINT WARNING * * *
The orc priest hits you with a club.
* * * LOW HITPOINT WARNING * * *
You slash the centaur! Your squeeze misses the centaur.
The centaur is severely wounded.
You constrict the orc priest. The centaur hits you.
* * * LOW HITPOINT WARNING * * *
The orc barely misses you.
The orc priest invokes the aid of Beogh against you.
Beogh smites you!
You die...

#.. #.. .... #..
...... ##.. ###
#.....# ##..###..#
##.....###..##....#
.......##..)......#
.......#.....o....##
............o@....#
###........c.....#
###..[[.........#
##.
###.....))........#
##..
#...>.)...........#
#...
#...##<...........##
#... ...#
##........#### ...
.. ##.....### # #
##..###


You could see a centaur, an orc priest and an orc.

Vanquished Creatures
  Grinder (D:3)
  2 slaves (D:7)
  A black bear (D:7)
  2 ice beasts
  2 sky beasts
  An ogre (D:6)
  A necrophage (D:6)
  A centaur (D:6)
  3 bullfrogs
  A scorpion (D:6)
  5 wights (D:7)
  A bullfrog zombie (D:6)
  Crazy Yiuf (D:2)
  A bullfrog skeleton (D:6)
  4 orc priests
  A hound (D:6)
  2 jellies
  3 orc wizards
  Natasha (D:3)
  5 worker ants
  A hound zombie (D:7)
  A worker ant zombie (D:5)
  10 gnolls
  A river rat (D:5)
  10 adders
  5 oozes (Sewer)
  An adder zombie (D:6)
  6 worms
  4 dart slugs
  6 leopard geckos
  23 orcs
  7 giant cockroaches
  10 goblins
  7 hobgoblins
  8 jackals
  11 kobolds
  A quokka (D:1)
  6 ball pythons
  14 bats
  8 frilled lizards
  A jackal skeleton (D:6)
  5 rats
185 creatures vanquished.

Notes
Turn   | Place    | Note
-------+----------+-------------------------------------------
     0 | D:1      | doot the Octopode Transmuter began the quest for the Orb.
     0 | D:1      | Reached XP level 1. HP: 13/13 MP: 3/3
   400 | D:1      | Reached XP level 2. HP: 2/18 MP: 5/5
   984 | D:1      | Reached XP level 3. HP: 22/23 MP: 4/6
   989 | D:1      | Learned a level 3 spell: Spider Form
  1319 | D:2      | Reached skill level 1 in Stealth
  1583 | D:2      | Reached XP level 4. HP: 23/28 MP: 4/7
  1714 | D:2      | Found a runed door.
  1724 | D:2      | Noticed Crazy Yiuf
  1731 | D:2      | Killed Crazy Yiuf
  1731 | D:2      | Reached skill level 2 in Stealth
  2204 | D:2      | Reached XP level 5. HP: 33/33 MP: 4/8
  2369 | D:3      | Learned a level 4 spell: Ice Form
  2589 | D:3      | Reached skill level 3 in Stealth
  2594 | D:3      | Noticed Grinder
  3299 | D:4      | Reached XP level 6. HP: 33/38 MP: 9/9
  3425 | D:4      | Identified the +2 pair of boots "Muisicumm" {rCorr Stlth+} (You found it on level 4 of the Dungeon)
  3442 | D:4      | Got a faintly glowing silver ring
  3443 | D:4      | Identified the ring of Jyst {rCorr rElec} (You found it on level 4 of the Dungeon)
  3506 | D:4      | Found a deep blue altar of Sif Muna.
  3512 | D:4      | Found a glowing silver altar of Zin.
  3513 | D:4      | Found a snail-covered altar of Cheibriados.
  3513 | D:4      | Found an ancient bone altar of Kikubaaqudgha.
  3513 | D:4      | Found an iron altar of Okawaru.
  3519 | D:4      | Found a bloodstained altar of Trog.
  3579 | D:4      | Reached skill level 1 in Short Blades
  3579 | D:4      | Reached skill level 1 in Ice Magic
  3726 | D:5      | Entered Level 5 of the Dungeon
  3812 | D:5      | Found a glowing drain.
  3836 | Sewer    | Entered a sewer
  4808 | D:5      | Reached skill level 1 in Poison Magic
  4923 | D:5      | Reached XP level 7. HP: 36/44 MP: 11/11
  5127 | D:5      | Reached skill level 4 in Stealth
  5477 | D:6      | Found a white marble altar of Elyvilon.
  5514 | D:6      | Found a staircase to the Ecumenical Temple.
  5576 | Temple   | Entered the Ecumenical Temple
  5852 | D:6      | Gained mutation: You are occasionally teleported next to monsters. [mutagenic meat]
  5853 | D:6      | Gained mutation: You tend to lose your temper in combat. [mutagenic meat]
  5854 | D:6      | Gained mutation: Your body sometimes deteriorates upon taking damage. [mutagenic meat]
  5855 | D:6      | Lost mutation: You tend to lose your temper in combat. [mutagenic meat]
  5856 | D:6      | Gained mutation: You are covered in fur. (AC +1) [mutagenic meat]
  5919 | D:6      | Found Nyfoxutt's Jewellery Shop.
  5950 | D:6      | Reached skill level 5 in Stealth
  5950 | D:6      | Reached XP level 8. HP: 46/50 MP: 12/12
  6286 | D:6      | Reached skill level 5 in Unarmed Combat
  6344 | D:6      | Reached skill level 6 in Stealth
  6728 | D:7      | Lost mutation: You are occasionally teleported next to monsters. [potion of cure mutation]
  6728 | D:7      | Lost mutation: You are covered in fur. (AC +1) [potion of cure mutation]
  6728 | D:7      | Lost mutation: Your body sometimes deteriorates upon taking damage. [potion of cure mutation]
  7237 | D:7      | Reached skill level 5 in Transmutations
  7529 | D:7      | Reached XP level 9. HP: 24/53 MP: 15/15
  7533 | D:7      | Gained mutation: You are somewhat resistant to further mutation. [mutagenic meat]
  7651 | D:7      | Learned a level 5 spell: Blade Hands
  8492 | D:3      | Noticed Natasha
  8499 | D:3      | Killed Natasha
  8538 | D:3      | Killed Grinder
  8538 | D:3      | Reached skill level 1 in Polearms
  8538 | D:3      | Reached skill level 7 in Stealth
  9099 | D:7      | Killed from afar by an orc priest

Skill      XL: |  1  2  3  4  5  6  7  8  9 |
---------------+----------------------------+-----
Stealth        | 1 2 3 5 6 7 |  7.1
Transmutations | 3 4 5 |  5.8
Unarmed Combat | 4 5 |  5.7
Short Blades   | 1 |  1.5
Ice Magic      | 1 2 3 |  3.6
Dodging        | 3 4 |  4.2
Poison Magic   | 1 2 |  2.5
Spellcasting   | 3 4 |  4.3
Fighting       | 2 |  2.5
Polearms       | 1 |  1.7
Slings         | |  0.2

Action                   |  1- 3 |  4- 6 |  7- 9 || total
-------------------------+-------+-------+-------++-------
Melee: Dagger            |    80 |    75 |    35 ||   190
       Constrict         |    21 |    20 |    23 ||    64
       Whip              |     3 |       |       ||     3
       Tentacles         |    15 |    18 |    20 ||    53
       Kick              |    16 |    12 |    13 ||    41
       Unarmed           |     9 |   108 |   142 ||   259
       Punch             |     3 |     2 |     2 ||     7
       Halberd           |       |       |    43 ||    43
 Fire: Hunting sling     |       |    16 |       ||    16
 Cast: Beastly Appendage |    22 |    15 |    20 ||    57
       Spider Form       |     1 |    16 |    11 ||    28
       Ice Form          |       |       |     8 ||     8
       Blade Hands       |       |       |     3 ||     3
 Abil: End Transformatio |       |       |     1 ||     1
  Use: Scroll            |     3 |     2 |       ||     5
       Potion            |       |       |    13 ||    13
 Stab: Sleeping          |     7 |    11 |     9 ||    27
       Invisible         |       |       |     1 ||     1
  Eat: Chunk             |     3 |    13 |    25 ||    41
Armor: Skin              |    14 |    14 |    13 ||    41
Dodge: Dodged            |    55 |   152 |   138 ||   345
